cohdb
Replays
Latest Replays
All Replays
Popular Replays
Top Player Replays
Match Explorer
How It Works
Community
CoH3 Stats
Reddit
Sign in to upload your games and track your stats! →
Sign in with Steam
Match 39675696
Unlisted
Match 39675696
Overview
Messages
Build Orders
End
Construct Infanterie Kompanie
Kettenkrad Recon Vehicle
Grenadier Squad
MG 42 Machine Gun Team
Grenadier Squad
Construct Panzergrenadier Kompanie
Panzergrenadier Squad
251 Medium Carrier
Selects Terror Battlegroup
Selects Machine Gun Camouflage
Selects Contempt for the Weak
Panzergrenadier Squad
Support Elements
StuG III G Assault Gun
Selects No Quarter
Pak 40 Anti-tank Gun Team
Nebelwerfer 42 Rocket Launcher Team
Pioneer Squad
Construct Panzer Kompanie
Selects Jericho Trumpet
Sturmpanzer IV Brummbär
Selects V1 Rocket Strike
StuG III G Assault Gun
V1 Rocket Strike
Jericho Trumpet
Pioneer Squad
『BlackBear』
theawsomguy
0
0
Comments
sign in to comment!
No comments posted yet!